 Dungeon Sprint DCSS version 0.31-a0-1576-ga3383bade6 (webtiles) character file.

Game seed: 3041491543070932466

10726 sircluck the Brawler (level 11, 0/131 HPs)
             Began as a Troll Berserker on Jan 4, 2024.
             Was the Champion of Trog.
             Slain by an azure jelly (7 damage)
             ... in the Dungeon (Sprint III: "The Ten Rune Challenge").
             The game lasted 00:05:46 (1215 turns).

sircluck the Brawler (Troll Berserker)              Turns: 1215, Time: 00:05:47

Health: 0/131      AC:  7    Str: 35    XL:     11   Next: 40%
Magic:  10/10      EV: 13    Int:  2    God:    Trog [******]
Gold:   1765       SH:  0    Dex:  8    Spells: 10/10 levels left

rFire   . .          .
                       - Unarmed
rCold   . . .        (no shield)
rNeg    . . .        a - +0 animal skin
rPois   +            q - +2 hat
rElec   .            i - +0 cloak
rCorr   .            (gloves unavailable)
SInv    .            (boots unavailable)
Will    .....        (no amulet)
Stlth   +            (no ring)
HPRegen 1.21/turn    (no ring)
MPRegen 0.12/turn

%: no teleportation, clarity
@: on berserk cooldown, slowed, very slow
A: large, unfitting armour, claws 3, regeneration 1, shaggy fur 1, tough skin 1,
clarity, poison resistance, strong 1
a: Renounce Religion, Berserk, Trog's Hand, Brothers in Arms


You were in the Dungeon.
You worshipped Trog.
Trog was exalted by your worship.
You visited 1 branch You collected 1765 gold pieces.

Inventory:

Armour
 a - a +0 animal skin (worn)
 i - a +0 cloak (worn)
 o - a scarf of invisibility
 q - a +2 hat (worn)
Wands
 n - a wand of polymorph (13)
 p - a wand of flame (14)
Scrolls
 g - a scroll of blinking
 h - 4 scrolls of identify {unknown}
 k - a scroll of immolation {unknown}
 m - a scroll of poison {unknown}
Potions
 b - a potion of curing
 c - 2 potions of heal wounds
 d - a potion of haste
 e - 2 potions of magic
 f - a potion of berserk rage
 j - 4 potions of mutation
 l - 4 potions of enlightenment
 r - a potion of degeneration {unknown}
 s - 2 potions of might {unknown}


   Skills:
 + Level 14.4 Fighting
 + Level 14.2 Dodging
 + Level 16.7 Unarmed Combat


You had 10 spell levels left.
You didn't know any spells.
Your spell library was empty.

Dungeon Overview and Level Annotations

Branches:
Dungeon (1/1)

Altars:
Cheibriados
Dithmenos
Elyvilon
Fedhas
Gozag
Hepliaklqana
Kikubaaqudgha
Makhleb
Nemelex Xobeh
Okawaru
Qazlal
Ru
Sif Muna
Trog
Uskayaw
Vehumet
Wu Jian
Xom
Yredelemnul
Zin
The Shining One
Jiyva
Lugonu

Shops:
D !


Innate Abilities, Weirdness & Mutations

You are too large for most types of armour.
You have claws for hands.
Your natural rate of healing is unusually fast.
You are covered in fur. (AC +1)
You have tough skin. (AC +1)
You possess an exceptional clarity of mind.
Your system is resistant to poisons. (rPois)
Your muscles are strong. (Str +4, Int/Dex -1)


Message History

Trog accepts your kill.
Your Fighting skill increases to level 14!
Unknown command.
Unknown command.
You eviscerate the azure jelly!!!
The azure jelly is heavily wounded.
You mangle the azure jelly!!
The azure jelly is severely wounded.
The azure jelly hits you! The azure jelly freezes you!
The azure jelly hits you. The azure jelly freezes you!!
The azure jelly hits you!
* * * LOW HITPOINT WARNING * * *
The azure jelly misses you.
You mangle the azure jelly!!
You kill the azure jelly!
Trog accepts your kill.
Your Dodging skill increases to level 14!
Unknown command.
Unknown command.
You barely miss the azure jelly. The azure jelly completely misses you.
The azure jelly hits you!
* * * LOW HITPOINT WARNING * * *
The azure jelly freezes you!!!
* * * LOW HITPOINT WARNING * * *
The azure jelly misses you. The azure jelly hits you.
* * * LOW HITPOINT WARNING * * *
Unknown command.
Unknown command.
The azure jelly jiggles.
There is an open door here.
You feel a strong urge to attack something.
You see here a Trismegistus Codex.
You slam the door shut with a bang!
You hear a slurping noise.
The azure jelly eats the door!
You completely miss the azure jelly. You barely miss the azure jelly.
You are no longer berserk.
You are exhausted.
You feel yourself slow down. The azure jelly hits you!
You die...

▓.....#.~~~.......#)#
▓'#####...........#.)
▓.................#__
▓▓▓▓▓▓▓▓▓▓▓▓▓▓▓▓▓▓▓▓▓
▓...†)≈~§≈~≈~≈♣♣....
▓...#†≈≈§§§.≈~♣♣.≈≈≈
▓.PP#~~§§§§≈≈≈~'†...
▓...#≈≈~§§§≈≈~♣♣♣♣♣♣
▓..@#~.≈~≈≈~≈~♣
▓##J####+######
▓..J.......
▓#'######## ...#
▓...+ ▓...# ▓...#~
#+####


You could see 2 azure jellies.

Vanquished Creatures
  Gastronok (D)
  2 azure jellies (D)
  2 dire elephants (D)
  Erolcha (D)
  A deep elf pyromancer (D)
  2 elephants (D)
  2 cane toads (D)
  A komodo dragon (D)
  A rime drake (D)
  5 blink frogs (D)
  3 wandering mushrooms (D)
  A shadow (D)
  2 redbacks (D)
  A spatial vortex (D)
  A swamp drake (D)
  An orc warrior (D)
  5 two-headed ogres (D)
  A water elemental (D)
  A necrophage (D)
  A jelly (D)
  Crazy Yiuf (D)
  3 orc priests (D)
  An arcanist (D)
  Jessica (D)
  3 orc wizards (D)
  A necromancer (D)
  A kobold demonologist (D)
  3 humans (D)
  11 orcs (D)
  2 endoplasms (D)
62 creatures vanquished.

Notes
Turn   | Place    | Note
-------+----------+-------------------------------------------
     0 | D        | sircluck the Troll Berserker began the quest for the Orb.
     0 | D        | Reached XP level 1. HP: 22/22 MP: 0/0
    11 | D        | Noticed Jessica
    13 | D        | Killed Jessica
    13 | D        | Reached ** piety under Trog
    14 | D        | Reached skill level 4 in Unarmed Combat
    14 | D        | Reached XP level 2. HP: 30/32 MP: 1/1
    14 | D        | Reached XP level 3. HP: 37/39 MP: 2/2
    54 | D        | Noticed Crazy Yiuf
    61 | D        | Killed Crazy Yiuf
    62 | D        | Reached skill level 5 in Unarmed Combat
    62 | D        | Reached XP level 4. HP: 49/49 MP: 3/3
    95 | D        | Gained mutation: You are partially covered in iridescent
                  | scales. (AC +2) [potion of mutation]
    95 | D        | Gained mutation: Your movements are slightly less
                  | encumbered by armour. (ER -2) [potion of mutation]
    95 | D        | Gained mutation: You have sharp toenails. [potion of
                  | mutation]
    96 | D        | Lost mutation: You have sharp toenails. [potion of
                  | mutation]
    96 | D        | Lost mutation: Your movements are slightly less encumbered
                  | by armour. (ER -2) [potion of mutation]
    96 | D        | Lost mutation: You are partially covered in iridescent
                  | scales. (AC +2) [potion of mutation]
    96 | D        | Gained mutation: You are agile. (Dex +4, Str/Int -1)
                  | [potion of mutation]
    96 | D        | Gained mutation: Your system is resistant to poisons.
                  | (rPois) [potion of mutation]
    97 | D        | Lost mutation: You are agile. (Dex +4, Str/Int -1) [potion
                  | of mutation]
    97 | D        | Lost mutation: Your system is resistant to poisons. (rPois)
                  | [potion of mutation]
    97 | D        | Gained mutation: You possess an exceptional clarity of
                  | mind. [potion of mutation]
    97 | D        | Gained mutation: Your system is resistant to poisons.
                  | (rPois) [potion of mutation]
    97 | D        | Gained mutation: Your muscles are strong. (Str +4, Int/Dex
                  | -1) [potion of mutation]
   112 | D        | Noticed a water elemental
   115 | D        | Killed a water elemental
   116 | D        | Reached skill level 5 in Fighting
   116 | D        | Reached skill level 5 in Dodging
   116 | D        | Reached skill level 6 in Unarmed Combat
   116 | D        | Reached XP level 5. HP: 57/57 MP: 4/4
   162 | D        | Found a glowing silver altar of Zin.
   163 | D        | Found a glowing golden altar of the Shining One.
   163 | D        | Found a white marble altar of Elyvilon.
   163 | D        | Noticed a deep elf pyromancer
   164 | D        | Noticed a fire elemental
   167 | D        | Killed a deep elf pyromancer
   167 | D        | Reached *** piety under Trog
   168 | D        | Reached skill level 9 in Unarmed Combat
   168 | D        | Reached XP level 6. HP: 72/72 MP: 5/5
   168 | D        | Reached XP level 7. HP: 80/80 MP: 6/6
   199 | D        | Found a radiant altar of Vehumet.
   199 | D        | Found a shimmering blue altar of Sif Muna.
   199 | D        | Found an ancient bone altar of Kikubaaqudgha.
   203 | D        | Reached **** piety under Trog
   230 | D        | Found a basalt altar of Yredelemnul.
   230 | D        | Found a shadowy altar of Dithmenos.
   230 | D        | Found a sacrificial altar of Ru.
   250 | D        | Found a hide-covered altar of Uskayaw.
   250 | D        | Found an iron altar of Okawaru.
   250 | D        | Found a bloodstained altar of Trog.
   250 | D        | Found an ornate altar of the Wu Jian Council.
   250 | D        | Noticed a human
   251 | D        | Noticed a human
   258 | D        | Killed a human
   259 | D        | Reached skill level 10 in Unarmed Combat
   259 | D        | Killed a human
   297 | D        | Noticed a shadow
   301 | D        | Killed a shadow
   301 | D        | Reached ***** piety under Trog
   302 | D        | Reached XP level 8. HP: 92/92 MP: 7/7
   311 | D        | Found a blossoming altar of Fedhas.
   311 | D        | Found a stormy altar of Qazlal.
   311 | D        | Found a snail-covered altar of Cheibriados.
   311 | D        | Found a burning altar of Makhleb.
   311 | D        | Found a shimmering altar of Xom.
   312 | D        | Found a hazy altar of Hepliaklqana.
   312 | D        | Found an opulent altar of Gozag.
   312 | D        | Found a sparkling altar of Nemelex Xobeh.
   312 | D        | Found a corrupted altar of Lugonu.
   312 | D        | Found a viscous altar of Jiyva.
   321 | D        | Reached skill level 11 in Unarmed Combat
   430 | D        | Reached ****** piety under Trog
   433 | D        | Received a gift from Trog
   443 | D        | Reached skill level 10 in Fighting
   480 | D        | Reached skill level 10 in Dodging
   489 | D        | Found Helusurr's Distillery.
   556 | D        | Noticed a two-headed ogre
   561 | D        | Killed a two-headed ogre
   561 | D        | Received a gift from Trog
   562 | D        | Reached skill level 12 in Unarmed Combat
   562 | D        | Reached XP level 9. HP: 82/102 MP: 8/8
   584 | D        | Noticed Erolcha
   584 | D        | Noticed a two-headed ogre
   594 | D        | Killed Erolcha
   598 | D        | Killed a two-headed ogre
   599 | D        | Reached skill level 13 in Unarmed Combat
   856 | D        | Noticed a wandering mushroom
   861 | D        | Noticed a wandering mushroom
   863 | D        | Noticed a wandering mushroom
   913 | D        | Noticed a cane toad
   913 | D        | Noticed a komodo dragon
   913 | D        | Noticed a cane toad
   915 | D        | Killed a cane toad
   915 | D        | Received a gift from Trog
   917 | D        | Killed a cane toad
   918 | D        | Reached skill level 14 in Unarmed Combat
   918 | D        | Reached XP level 10. HP: 115/115 MP: 9/9
  1144 | D        | Noticed an elephant
  1144 | D        | Noticed an elephant
  1144 | D        | Noticed a dire elephant
  1145 | D        | Noticed a dire elephant
  1150 | D        | Killed an elephant
  1151 | D        | Reached skill level 15 in Unarmed Combat
  1151 | D        | Noticed Gastronok
  1158 | D        | Killed a dire elephant
  1158 | D        | Received a gift from Trog
  1165 | D        | Killed a dire elephant
  1167 | D        | Killed an elephant
  1168 | D        | Reached XP level 11. HP: 114/127 MP: 10/10
  1174 | D        | Killed Gastronok
  1175 | D        | Reached skill level 16 in Unarmed Combat
  1199 | D        | Noticed an azure jelly
  1199 | D        | Noticed an azure jelly
  1199 | D        | Noticed an azure jelly
  1200 | D        | Noticed an azure jelly
  1206 | D        | Killed an azure jelly
  1209 | D        | Killed an azure jelly
  1210 | D        | HP: 8/196 [azure jelly (41)]
  1215 | D        | Slain by an azure jelly

Illustrated notes

Levels and vault maps discovered:
D:        dungeon_sprint_mu [sprint_mu_entry_forest, sprint_mu_temple_rooms,
          sprint_mu_d1_spiders, sprint_mu_d2_genie, sprint_mu_d3_branching,
          sprint_mu_orc_legion, sprint_mu_elf_gauntlet, sprint_mu_hive_nellie,
          sprint_mu_lair_fedhas, sprint_mu_vaults_butterflies,
          sprint_mu_slime_circle, sprint_mu_swamp_cave, sprint_mu_shoals_archi,
          sprint_mu_blade_basic, sprint_mu_crypt_lich, sprint_mu_tomb_spiral,
          sprint_mu_vestibule_basic, sprint_mu_gehenna_hellfire,
          sprint_mu_dis_giant, sprint_mu_tartarus_statrot,
          sprint_mu_cocytus_islands, sprint_mu_zot1]

Skill      XL: |  1  2  3  4  5  6  7  8  9 10 11 |
---------------+----------------------------------+-----
Fighting       | 3 4 5 8 9 10 12 13 14 | 14.4
Dodging        | 3 4 5 7 9 10 11 13 14 | 14.2
Unarmed Combat | 4 5 6 9 10 12 14 15 16 | 16.7

Action                     |  1- 3 |  4- 6 |  7- 9 | 10-12 || total
---------------------------+-------+-------+-------+-------++-------
  Melee: Unarmed           |    11 |     5 |   103 |    67 ||   186
         Punch             |       |       |     7 |     6 ||    13
 Invoke: Berserk           |     1 |     2 |     3 |     2 ||     8
    Use: Potion            |       |     3 |       |       ||     3
 Armour: Animal skin       |     8 |     2 |    34 |    50 ||    94
  Dodge: Dodged            |     4 |     1 |    33 |    28 ||    66

Table legend: (Time is in decaauts)
 A = Elapsed time spent in this place.
 B = Non-inter-level travel time spent in this place.
 C = Inter-level travel time spent in this place.
 D = Time resting spent in this place.
 E = Time spent auto-exploring this place.
 F = Levels seen in this place.
 G = Mean time per level.
                   A        B        C        D        E       F      G
               +--------+--------+--------+--------+--------+-----+--------+
         Total |   1223 |   1212 |     11 |    576 |     35 |   1 | 1223.0 |
       Dungeon |   1223 |   1212 |     11 |    576 |     35 |   1 | 1223.0 |
               +--------+--------+--------+--------+--------+-----+--------+

Top non-repeatable levels by time:
       D: 1223 daAuts
